 Dungeon Crawl Stone Soup version 0.28-a0-845-gfc338a8e3c (webtiles) character file.

Game seed: 15773941984472113246

60 siradein the Poker (level 4, -2/34 HPs)
             Began as a Merfolk Gladiator on Nov 12, 2021.
             Slain by a gnoll (10 damage)
             ... on level 2 of the Dungeon.
             The game lasted 00:03:44 (1289 turns).

siradein the Poker (Merfolk Gladiator)              Turns: 1289, Time: 00:03:45

Health: -2/34      AC:  4    Str: 14    XL:     4   Next: 6%
Magic:  4/4        EV: 13    Int:  7    God:
Gold:   35         SH:  0    Dex: 16    Spells: 3/3 levels left

rFire   . . .      SeeInvis .   a - +0 trident
rCold   . . .      Faith    .   (no shield)
rNeg    . . .      Spirit   .   b - +0 leather armour
rPois   .          Reflect  .   c - +0 helmet
rElec   .          Harm     .   (no cloak)
rCorr   .          Rampage  .   (no gloves)
Will    .....                   (no boots)
Stlth   +.........              (no amulet)
HPRegen 0.11/turn               (no ring)
MPRegen 0.09/turn               (no ring)

@: no status effects
A: (nimble swimmer 2), mertail
a: no special abilities


You were on level 2 of the Dungeon.
You visited 1 branch of the dungeon, and saw 2 of its levels.

You collected 35 gold pieces.

Inventory:

Hand Weapons
 a - a +0 trident (weapon)
Missiles
 d - 3 throwing nets (quivered)
 g - 4 boomerangs
Armour
 b - a +0 leather armour (worn)
 c - a +0 helmet (worn)
Scrolls
 f - a scroll of brand weapon {unknown}
 h - 2 scrolls of identify {unknown}
Potions
 e - a potion of curing {unknown}
 i - a potion of might {unknown}


   Skills:
 + Level 2.8 Fighting
 + Level 5.0 Polearms
 + Level 2.5 Throwing
 + Level 0.9 Armour
 + Level 4.5 Dodging


You had 3 spell levels left.
You didn't know any spells.
Your spell library contained the following spells:

 Spells                   Type           Power      Damage    Failure   Level
 Pain                     Necr           0%         1d4       50%         1
 Agony                    Necr           0%         N/A       100%        5
 Excruciating Wounds      Necr           0%         N/A       100%        5


Dungeon Overview and Level Annotations

Branches:
Dungeon (2/15)

Altars:


Innate Abilities, Weirdness & Mutations

((You are quick and stealthy near water. (Stealth+, EV+, Speed+++)))
Your lower body shifts to a powerful aquatic tail in water.


Message History

You reach to attack!
You hit the gnoll but do no damage.
The gnoll is lightly wounded.
The gnoll barely misses you.
You reach to attack!
You barely miss the gnoll.
The gnoll is lightly wounded.
The gnoll barely misses you.
You reach to attack!
You hit the gnoll but do no damage.
The gnoll is lightly wounded.
The gnoll hits you from afar with a +0 halberd.
You reach to attack!
You barely miss the gnoll.
The gnoll is lightly wounded.
The gnoll closely misses you.
You reach to attack!
You hit the gnoll.
The gnoll is heavily wounded.
The gnoll misses you.
You reach to attack!
You puncture the gnoll!
You kill the gnoll!
Your Polearms skill increases to level 5!
You have reached level 4!
You reach to attack!
You barely miss the gnoll.
The gnoll hits you from afar with a +0 halberd!
You reach to attack!
You hit the gnoll but do no damage. The gnoll misses you.
You reach to attack!
You completely miss the gnoll.
The gnoll hits you from afar with a +0 halberd!
You are too injured to fight recklessly!
You are too injured to fight recklessly!
There is an open door here.
The gnoll hits you from afar with a +0 halberd.
* * * LOW HITPOINT WARNING * * *
The gnoll barely misses you. The gnoll completely misses you.
The gnoll barely misses you. The gnoll misses you.
The gnoll closely misses you. The gnoll completely misses you.
The gnoll misses you.
Things that are here:
a +0 halberd; a gnoll corpse The gnoll hits you from afar with a +0 halberd.
* * * LOW HITPOINT WARNING * * *
The gnoll hits you from afar with a +0 halberd!
You die...

.........###### #..# #.#
####.#####....# ##.# #.#
#g# #....# #.###.# #g#
#....#########..##.# #.#
#...........###.##.#
#.#####...........# #..#.#
#...)......g......# ##.#.#
#######....g......# #...#
#....##@##### ##..#####
#....##.# #........
#........ #........
.'......... #####..>.....
###.........##............
############............
#.....####### #.....#
#.....#


You could see 2 gnolls.

Vanquished Creatures
  Natasha (D:2)
  A gnoll (D:2)
  A dart slug (D:1)
  An endoplasm (D:1)
  A giant cockroach (D:2)
  2 hobgoblins (D:1)
  2 quokkas
  2 ball pythons (D:1)
  5 bats
  3 frilled lizards (D:1)
  3 goblins (D:1)
  6 kobolds
28 creatures vanquished.

Notes
Turn   | Place    | Note
-------+----------+-------------------------------------------
     0 | D:1      | siradein the Merfolk Gladiator began the quest for the Orb.
     0 | D:1      | Reached XP level 1. HP: 16/16 MP: 1/1
   381 | D:1      | Reached XP level 2. HP: 23/23 MP: 2/2
   880 | D:2      | Reached XP level 3. HP: 27/28 MP: 3/3
   923 | D:2      | Noticed Natasha
   937 | D:2      | Killed Natasha
  1242 | D:2      | Reached skill level 5 in Polearms
  1242 | D:2      | Reached XP level 4. HP: 32/34 MP: 4/4
  1289 | D:2      | Slain by a gnoll

Illustrated notes

Levels and vault maps discovered:
D:1:      nicolae_arrival_washed_ashore, layout_loops_ring,
          kennysheep_decorative_pillar, minmay_small_reverse_x
D:2:      layout_basic, uniq_natasha

Skill      XL: |  1  2  3 |
---------------+----------+-----
Polearms       | 5 |  5.0
Fighting       | |  2.8
Throwing       | |  2.5
Armour         | |  0.9
Dodging        | |  4.5

Action                   |  1- 3 |  4- 6 || total
-------------------------+-------+-------++-------
Melee: Trident           |    83 |     3 ||    86
 Stab: Sleeping          |     4 |       ||     4
Armor: Leather armour    |    15 |       ||    15
Dodge: Dodged            |    38 |     8 ||    46

Table legend: (Time is in decaauts)
 A = Elapsed time spent in this place.
 B = Non-inter-level travel time spent in this place.
 C = Inter-level travel time spent in this place.
 D = Time resting spent in this place.
 E = Time spent auto-exploring this place.
 F = Levels seen in this place.
 G = Mean time per level.
                   A        B        C        D        E       F      G
               +--------+--------+--------+--------+--------+-----+--------+
         Total |   1301 |   1289 |     12 |      0 |   1034 |   2 |  650.5 |
       Dungeon |   1301 |   1289 |     12 |      0 |   1034 |   2 |  650.5 |
               +--------+--------+--------+--------+--------+-----+--------+

Top non-repeatable levels by time:
     D:1: 808 daAuts
     D:2: 492 daAuts
